 Dungeon Crawl Stone Soup version 0.28.0-43-g3370ac3207 (webtiles) character file.

Game seed: 6140161614169746110

107 pkoi the Firebug (level 4, 0/36 HPs)
             Began as a Naga Fire Elementalist on Mar 22, 2022.
             Slain by Robin
             ... wielding a +0 trident
              (8 damage)
             ... on level 2 of the Dungeon.
             The game lasted 00:02:12 (1922 turns).

pkoi the Firebug (Naga Fire Elementalist)           Turns: 1922, Time: 00:02:13

Health: 0/36       AC:  2    Str: 10    XL:     4   Next: 85%
Magic:  0/7        EV: 10    Int: 17    God:
Gold:   53         SH:  0    Dex: 12    Spells: 5/8 levels left

rFire   . . .      SeeInvis +   d - +0 trident
rCold   . . .      Faith    .   (no shield)
rNeg    . . .      Spirit   .   a - +0 robe
rPois   +          Reflect  .   (no helmet)
rElec   .          Harm     .   (no cloak)
rCorr   .          Rampage  .   (no gloves)
Will    .....                   (no barding)
Stlth   ++........              (no amulet)
HPRegen 0.12/turn               (no ring)
MPRegen 0.10/turn               (no ring)

@: short of breath, very slow
A: AC +1, large, see invisible, deformed body, poison resistance, slowness 2,
spit poison 1, naga tail 1
a: Spit Poison


You were on level 2 of the Dungeon.
You visited 1 branch of the dungeon, and saw 2 of its levels.

You collected 53 gold pieces.

Inventory:

Hand Weapons
 c - a +0 short sword
 d - a +0 trident (weapon)
Armour
 a - a +0 robe (worn)
Jewellery
 h - an amulet of guardian spirit
Scrolls
 b - a scroll of magic mapping {unknown}
 f - a scroll of identify {unknown}
 i - a scroll of amnesia {unknown}
 j - a scroll of torment {unknown}
Potions
 e - a potion of haste {unknown}
 g - a potion of curing {unknown}


   Skills:
 - Level 1.5 Dodging
 - Level 3.0 Stealth
 + Level 2.6 Spellcasting
 * Level 2.8 Conjurations
 * Level 4.1 Fire Magic


You had 5 spell levels left.
You knew the following spells:

 Your Spells              Type           Power      Damage    Failure   Level
a - Foxfire               Conj/Fire      56%        2x1d6     4%          1
b - Scorch                Fire           32%        2d6       4%          2

Your spell library contained the following spells:

 Spells                   Type           Power      Damage    Failure   Level
 Conjure Flame            Conj/Fire      14%        6-21      13%         3
 Inner Flame              Hex/Fire       9%         N/A       24%         3
 Flame Wave               Conj/Fire      14%        2d6       38%         4
 Ozocubu's Armour         Ice            2%         N/A       50%         3
 Olgreb's Toxic Radiance  Pois           2%         N/A       88%         4
 Ozocubu's Refrigeration  Ice            1%         4d5       100%        7
 Ignition                 Fire           8%         3d5       100%        8


Dungeon Overview and Level Annotations

Branches:
Dungeon (2/15)

Altars:

Annotations:
D:2 Robin


Innate Abilities, Weirdness & Mutations

Your serpentine skin is tough. (AC +1)
You have supernaturally acute eyesight. (SInv)
Armour fits poorly on your strangely shaped body.
Your system is resistant to poisons. (rPois)
You cover ground very slowly.
You can spit poison.
You have a snake-like lower body.


Message History

a +0 dagger; a goblin corpse Robin throws the goblin at you!
The goblin barely misses you.
You hit the goblin.
The goblin is moderately wounded.
Robin roars a battlecry!
The goblin goes into a battle-frenzy!
The goblin closely misses you.
You closely miss the goblin.
The goblin is moderately wounded.
Robin hits you from afar with a +0 trident.
* * * LOW HITPOINT WARNING * * *
The goblin hits you with a +0 club.
* * * LOW HITPOINT WARNING * * *
Unknown command.
You hit the goblin.
You kill the goblin!
Robin says, "A pitiful Naga like you will never find the ORB!"
Robin barely misses you.
Unknown command.
Robin hits you from afar with a +0 trident.
* * * LOW HITPOINT WARNING * * *
There is an open door here.
Things that are here:
a +0 club; a goblin corpse
Casting: Foxfire (safe; 4% risk of failure)
Press: ? - help, Q - select action, (/) - cycle Dir - look around, f - activate You conjure some foxfire!
Robin hits you from afar with a +0 trident.
* * * LOW HITPOINT WARNING * * *
Unknown command.
Your foxfire dissipates!
The foxfire hits Robin.
Robin is moderately wounded.
Aiming: Spit Poison (1% risk of failure)
Press: ? - help, Shift-Dir - straight line, f - Robin
Aim: Robin, wielding a +0 trident, wearing a +0 animal skin and wearing a +0 helmet (moderately wounded, 70% to hit)
The splash of poison hits Robin.
Robin is poisoned.
Robin is heavily wounded.
Robin hits you from afar with a +0 trident!
You die...

########.# #.....###.........
#........#######....# #.........
#.##.........###....###.........
#.........##.........#####.## #
#.........##.........# #...
##.##......).)##.........# ####
....'......)..##.........#
##.##......).)g§§........# ..
'.........##@........#
#).##..>......##.........# ##
g..g..........#......#####
#####. .g.###.########.........
#..... .. ..... #..#.####.#
#..... # ........# ##..#....#.#
#..... ...######## #........#.#
#..... #. # ##..###..#.# #.....
# #.##.......#.####.....


You could see Robin (poisoned).

Vanquished Creatures
  4 gnolls (D:2)
  2 adders (D:2)
  4 ball pythons
  4 endoplasms (D:1)
  3 giant cockroaches (D:1)
  A hobgoblin (D:1)
  4 jackals (D:1)
  A quokka (D:2)
  2 bats (D:1)
  14 goblins
  2 kobolds (D:1)
  3 rats
44 creatures vanquished.

Vanquished Creatures (others)
  96 foxfires
96 creatures vanquished.

Grand Total: 140 creatures vanquished

Notes
Turn   | Place    | Note
-------+----------+-------------------------------------------
     0 | D:1      | pkoi the Naga Fire Elementalist began the quest for the
                  | Orb.
     0 | D:1      | Reached XP level 1. HP: 15/15 MP: 3/3
   149 | D:1      | Reached XP level 2. HP: 22/22 MP: 3/5
   613 | D:1      | Found a faded altar of an unknown god.
   827 | D:1      | Reached XP level 3. HP: 28/28 MP: 4/6
  1182 | D:1      | Learned a level 2 spell: Scorch
  1610 | D:2      | Reached XP level 4. HP: 36/36 MP: 1/7
  1712 | D:2      | Reached skill level 4 in Fire Magic
  1897 | D:2      | Noticed Robin
  1922 | D:2      | Slain by Robin

Illustrated notes

Levels and vault maps discovered:
D:1:      minmay_arrival_nine_rooms, layout_loops_cross,
          hellmonk_ecumenical_altar_heavens_door, minmay_misc_feat_chi,
          skrybe_limestone_x, kennysheep_crisscross
D:2:      layout_basic, uniq_robin

Skill      XL: |  1  2  3  4 |
---------------+-------------+-----
Conjurations   | 2 |  2.8
Fire Magic     | 4 |  4.1
Dodging        | |  1.5
Stealth        | |  3.0
Spellcasting   | |  2.6

Action                   |  1- 3 |  4- 6 || total
-------------------------+-------+-------++-------
Melee: Unarmed           |     3 |       ||     3
       Trident           |    16 |     3 ||    19
 Cast: Foxfire           |    49 |    11 ||    60
       Scorch            |       |     3 ||     3
 Abil: Spit Poison       |       |     1 ||     1
 Stab: Sleeping          |     2 |       ||     2
Armor: Robe              |     2 |     2 ||     4
Dodge: Dodged            |     6 |    10 ||    16
